 Dungeon Crawl Stone Soup version 0.27-a0-535-g7eaf864cf9 (webtiles) character file.

Game seed: 13562038459038106116

51171 Morbidden the Thaumaturge (level 14, -12/70 HPs)
             Began as a Spriggan Venom Mage on Mar 5, 2021.
             Was the Champion of Dithmenos.
             Killed from afar by a fire dragon (42 damage)
             ... with a blast of flame
             ... on level 6 of the Lair of Beasts on Mar 6, 2021.
             The game lasted 00:59:48 (31921 turns).

Morbidden the Thaumaturge (Spriggan Venom Mage)    Turns: 31921, Time: 00:59:49

Health: -12/70     AC: 11    Str: 11    XL:     14   Next: 22%
Magic:  5/32       EV: 20    Int: 27    God:    Dithmenos [******]
Gold:   1110       SH:  0    Dex: 15    Spells: 25/39 levels left

rFire    . . .     SeeInvis +   a - +3 dagger (drain)
rCold    . . .     Faith    .   z - +2 buckler
rNeg     . . .     Spirit   .   c - +3 swamp dragon scales
rPois    +         Reflect  .   O - +1 hat {Stlth+}
rElec    .         Harm     .   (no cloak)
rCorr    .         Rampage  .   (gloves unavailable)
Will     ++...                  (boots unavailable)
Stlth    ++........             D - amulet of the acrobat
HPRegen  0.21/turn              g - +6 ring of intelligence
MPRegen  0.23/turn              V - +6 ring of strength

@: confused, ambrosia-drunk, wreathed by umbra, very quick
A: very small, unfitting armour, see invisible, speed 3
a: Renounce Religion, Shadow Step, Shadow Form


You were on level 6 of the Lair of Beasts.
You worshipped Dithmenos.
Dithmenos was exalted by your worship.
You visited 3 branches of the dungeon, and saw 19 of its levels.

You collected 1110 gold pieces.

Inventory:

Hand Weapons
 a - a +3 dagger of draining (weapon)
 b - a +4 vampiric falchion
 C - a +0 long sword
Missiles
 e - 4 boomerangs
 p - 70 poisoned darts (quivered)
 K - 2 throwing nets
 Q - 5 silver boomerangs
Armour
 c - +3 swamp dragon scales (worn)
 z - a +2 buckler (worn)
 M - a +1 robe of willpower
 O - a +1 hat of stealth (worn)
Jewellery
 g - a +6 ring of intelligence (left hand)
 m - a ring of poison resistance
 B - a ring of protection from fire
 D - an amulet of the acrobat (around neck)
 E - a +4 ring of protection
 F - a ring of wizardry
 I - a ring of resist corrosion
 V - a +6 ring of strength (right hand)
Wands
 k - a wand of random effects (3)
 t - a wand of paralysis (1)
 J - a wand of polymorph (14)
 L - a wand of iceblast (3)
 R - a wand of flame (24)
 T - a wand of acid (11)
Scrolls
 d - 3 scrolls of amnesia
 f - 5 scrolls of blinking
 h - 7 scrolls of fog
 i - 15 scrolls of identify
 l - 4 scrolls of teleportation
 n - a scroll of enchant armour
 v - 3 scrolls of noise
 w - 3 scrolls of immolation
 y - a scroll of enchant weapon
 P - 2 scrolls of magic mapping
Potions
 j - 6 potions of brilliance
 o - 3 potions of attraction
 q - a potion of flight
 r - a potion of ambrosia
 s - 2 potions of invisibility
 u - 3 potions of lignification {unknown}
 x - 3 potions of haste
 A - 3 potions of magic {unknown}
 G - 3 potions of mutation {unknown}
 H - 6 potions of curing
 N - a potion of might {unknown}
 S - 2 potions of resistance {unknown}
 W - 3 potions of heal wounds
 Y - a potion of berserk rage


   Skills:
 * Level 6.8 Fighting
 + Level 4.3(4.6) Short Blades
 + Level 1.9(2.8) Long Blades
 + Level 0.1 Throwing
 + Level 2.3 Armour
 - Level 10.0 Dodging
 * Level 12.9 Stealth
 * Level 5.9 Shields
 * Level 13.2 Spellcasting
 + Level 6.1 Transmutations
 + Level 1.4 Fire Magic
 + Level 1.6 Ice Magic
 * Level 6.3 Air Magic
 + Level 8.1 Poison Magic
 * Level 7.0 Invocations
 * Level 9.2 Evocations


You had 25 spell levels left.
You knew the following spells:

 Your Spells              Type           Power      Damage    Failure   Level
a - Airstrike             Air            25%        N/A       6%          4
b - Poisonous Vapours     Pois/Air       100%       N/A       1%          2
c - Olgreb's Toxic Radia  Pois           58%        N/A       2%          4
d - Ignite Poison         Fire/Tmut/Pois 46%        N/A       2%          3
f - Sting                 Tmut/Pois      100%       1d8       1%          1

Your spell library contained the following spells:

 Spells                   Type           Power      Damage    Failure   Level
 Swiftness                Air            51%        N/A       1%          2
 Shock                    Conj/Air       100%       1d9       2%          1
 Mephitic Cloud           Conj/Pois/Air  43%        N/A       3%          3
 Freeze                   Ice            100%       1d11      4%          1
 Static Discharge         Conj/Air       34%        N/A       6%          3
 Animate Skeleton         Necr           34%        N/A       8%          1
 Apportation              Tloc           34%        N/A       8%          1
 Corona                   Hex            18%        N/A       8%          1
 Magic Dart               Conj           68%        1d6       8%          1
 Summon Small Mammal      Summ           68%        N/A       8%          1
 Blink                    Tloc           N/A        N/A       12%         2
 Call Imp                 Summ           17%        N/A       12%         2
 Slow                     Hex            17%        N/A       12%         2
 Frozen Ramparts          Ice            52%        1d7       12%         3
 Ozocubu's Armour         Ice            26%        N/A       12%         3
 Conjure Flame            Conj/Fire      21%        6-21      17%         3
 Hailstorm                Conj/Ice       22%        3d7       50%         4
 Summon Ice Beast         Ice/Summ       22%        N/A       50%         4
 Lightning Bolt           Conj/Air       17%        1d31      52%         5
 Fireball                 Conj/Fire      10%        3d6       85%         5
 Starburst                Conj/Fire      10%        8x6d5     100%        6
 Ignition                 Fire           12%        3d6       100%        8


Dungeon Overview and Level Annotations

Branches:
Dungeon (12/15)            Temple (1/1) D:4            Lair (6/6) D:11
  Swamp (0/4) Lair:3        Snake (0/4) Lair:2        Slime (0/5) Lair:6
    Orc: D:9-12

Altars:
Ashenzari
Cheibriados
Dithmenos
Elyvilon
Fedhas
Gozag
Hepliaklqana
Kikubaaqudgha
Makhleb
Nemelex Xobeh
Okawaru
Qazlal
Ru
Sif Muna
Trog
Uskayaw
Vehumet
Wu Jian
Xom
Yredelemnul
Zin
The Shining One

Shops:
D:6 *   D:10 ?

Annotations:
D:11 2 transporters, lupus83's ghost, journeyman GnIE
Lair:6 Kirke


Innate Abilities, Weirdness & Mutations

You are very small and have problems with some larger weapons.
You are too small for most types of armour.
You have supernaturally acute eyesight. (SInv)
You cover ground extremely quickly. (Speed+++)


Message History

Unknown command.
Unknown command.
Casting: Airstrike (dangerous; 6% risk of failure)
Confirm with . or Enter, or press ? or * to list all spells.
Aiming: Airstrike (dangerous; 6% risk of failure)
Press: ? - help, Dir - move target, f/p - fire dragon
Aim: a fire dragon (steam, severely wounded, catching its breath, umbra)
The air twists around and strikes the fire dragon!
The fire dragon is severely wounded.
Unknown command.
Unknown command.
Casting: Airstrike (dangerous; 6% risk of failure)
Confirm with . or Enter, or press ? or * to list all spells.
Aiming: Airstrike (dangerous; 6% risk of failure)
Press: ? - help, Dir - move target, f/p - fire dragon
Aim: a fire dragon (black smoke, severely wounded, catching its breath, umbra)
The air twists around and strikes the fire dragon!
The fire dragon is almost dead.
The fire dragon closely misses you. You block the fire dragon's attack.
The fire dragon completely misses you.
Unknown command.
Unknown command.
Casting: Airstrike (dangerous; 6% risk of failure)
Confirm with . or Enter, or press ? or * to list all spells.
Aiming: Airstrike (dangerous; 6% risk of failure)
Press: ? - help, Dir - move target, f/p - fire dragon
Aim: a fire dragon (black smoke, almost dead, catching its breath, umbra)
The air twists around and strikes the fire dragon!
The fire dragon is almost dead.
The fire dragon barely misses you. The fire dragon closely misses you.
The fire dragon completely misses you.
Unknown command.
Unknown command.
Unknown command.
You are confused.
You feel invigorated. The fire dragon breathes flames at you.
The blast of flame hits you!!!
Ouch! That really hurt!
You die...

♣♣♣♣♣
♣♣...§♣♣♣
♣..≈≈§§§♣
♣.P≈≈≈§D@♣♣
####
..≈.♣♣§§§§♣♣♣
##.## .≈≈
♣♣§§P§.♣♣
#.... .
♣♣≈≈♣..♣♣
##...#
♣♣.≈≈..♣
#.....
♣♣≈†..♣♣
#.....
♣.≈≈≈≈.$.
♣...♣.♣♣
#.....
♣♣.≈≈≈≈.$
♣♣≈≈P...♣
##....
♣..≈≈≈D$
♣♣...≈P.P♣
##.F##


You could see a fire dragon (catching breath).

Vanquished Creatures
  Gastronok (D:8)
  Harold (D:8)
  4 hydras
  A two-headed ogre (D:10)
  14 death yaks
  A queen ant (Lair:2)
  An unseen horror (D:11)
  A swamp dragon (Lair:6)
  A bog body (Lair:3)
  Pikel (D:8)
  A deep elf pyromancer (D:12)
  An ugly thing (D:11)
  2 cyclopes
  A manticore (D:11)
  6 elephants (Lair:5)
  2 torpor snails (Lair:6)
  4 black mambas
  13 cane toads
  Maggie (D:8)
  10 rime drakes
  8 komodo dragons
  A hornet (D:9)
  4 polar bears
  3 trolls
  Grinder (D:6)
  6 dream sheep (Lair:5)
  A shadow (D:11)
  3 wyverns
  A wraith (D:11)
  Eustachio (D:6)
  14 yaks
  7 basilisks
  A hog (Lair:6)
  2 steam dragons (Lair:6)
  Edmund (D:4)
  2 nagas (Lair:2)
  15 soldier ants
  11 water moccasins
  Duvessa (D:6)
  2 swamp drakes (Lair:6)
  6 orc warriors
  3 sky beasts
  9 black bears
  2 necrophages
  3 ice beasts
  4 ogres
  4 centaurs
  12 wolves
  3 lemures (D:8)
  3 phantoms
  3 kobold brigands
  12 bullfrogs
  Dowan (D:6)
  A water moccasin zombie (D:8)
  2 scorpions
  19 killer bees
  22 wights
  5 howler monkeys
  2 bullfrog zombies
  A quasit (D:4)
  A centaur zombie (D:9)
  8 orc priests
  5 hounds
  2 jellies
  A centaur skeleton (D:5)
  7 iguanas
  11 orc wizards
  39 worker ants
  2 hound skeletons
  A howler monkey zombie (D:7)
  2 worker ant zombies
  20 adders
  7 gnolls
  2 shadow imps
  6 white imps
  3 ufetubi
  An ooze (D:4)
  3 worms
  A dart slug (D:2)
  5 leopard geckos
  47 orcs
  5 bats
  8 giant cockroaches
  13 goblins
  10 hobgoblins
  14 jackals
  23 kobolds
  3 quokkas
  9 ball pythons
  7 frilled lizards
  A jackal skeleton (D:9)
  A leopard gecko skeleton (D:9)
  2 quokka skeletons
  8 rats
547 creatures vanquished.

Vanquished Creatures (collateral kills)
  A cane toad (Lair:1)
1 creature vanquished.

Vanquished Creatures (others)
  A wolf (Lair:6)
  7 bushes (Lair:6)
  45 fungi
  57 plants
  7 toadstools (D:1)
117 creatures vanquished.

Grand Total: 665 creatures vanquished

Notes
Turn   | Place    | Note
-------+----------+-------------------------------------------
     0 | D:1      | Morbidden the Spriggan Venom Mage began the quest for the
                  | Orb.
     0 | D:1      | Reached XP level 1. HP: 9/9 MP: 5/5
   235 | D:1      | Reached XP level 2. HP: 10/13 MP: 3/6
   776 | D:1      | Reached skill level 3 in Spellcasting
  1121 | D:2      | Reached XP level 3. HP: 15/17 MP: 1/8
  1258 | D:2      | Reached skill level 1 in Fighting
  1417 | D:2      | Found a basalt altar of Yredelemnul.
  1533 | D:2      | Reached XP level 4. HP: 14/22 MP: 0/10
  1678 | D:2      | Found a shimmering blue altar of Sif Muna.
  2533 | D:2      | Learned a level 2 spell: Poisonous Vapours
  2742 | D:3      | Reached XP level 5. HP: 25/25 MP: 6/11
  3167 | D:3      | Reached skill level 4 in Spellcasting
  3552 | D:3      | Reached XP level 6. HP: 23/30 MP: 5/13
  3802 | D:3      | Reached skill level 1 in Air Magic
  4443 | D:4      | Noticed Edmund
  4461 | D:4      | Killed Edmund
  4579 | D:4      | Reached XP level 7. HP: 35/35 MP: 4/15
  4740 | D:4      | Reached skill level 5 in Dodging
  4740 | D:4      | Reached skill level 5 in Spellcasting
  4750 | D:4      | Reached skill level 1 in Short Blades
  5203 | D:4      | Found a staircase to the Ecumenical Temple.
  5242 | Temple   | Entered the Ecumenical Temple
  6332 | D:5      | Entered Level 5 of the Dungeon
  7118 | D:5      | Found a shadowy altar of Dithmenos.
  7132 | D:5      | Became a worshipper of Dithmenos the Shadowed
  7229 | D:5      | Identified the +1 leather armour of the Devil {rN+}
  7321 | D:5      | Reached skill level 1 in Invocations
  7435 | D:5      | Reached XP level 8. HP: 13/40 MP: 9/17
  7726 | D:5      | Found an opulent altar of Gozag.
  8325 | D:6      | Reached skill level 1 in Evocations
  8573 | D:6      | Found a white marble altar of Elyvilon.
  8599 | D:6      | Noticed Grinder
  8605 | D:6      | Killed Grinder
  8667 | D:6      | Reached skill level 6 in Spellcasting
  8767 | D:6      | Reached skill level 5 in Stealth
  8861 | D:6      | Noticed Eustachio
  8870 | D:6      | Killed Eustachio
  8871 | D:6      | Reached skill level 1 in Shields
  8871 | D:6      | Reached skill level 5 in Poison Magic
  9041 | D:6      | Learned a level 4 spell: Olgreb's Toxic Radiance
  9045 | D:6      | Learned a level 3 spell: Ignite Poison
  9166 | D:6      | Noticed Dowan
  9167 | D:6      | Noticed Duvessa
  9182 | D:6      | Killed Duvessa
  9190 | D:6      | Killed Dowan
  9191 | D:6      | Reached XP level 9. HP: 44/44 MP: 1/20
  9331 | D:6      | Found a glowing golden altar of the Shining One.
  9952 | D:6      | Found Caivoast's General Store.
 10188 | D:6      | Reached skill level 7 in Spellcasting
 10522 | D:7      | Reached * piety under Dithmenos
 12053 | D:7      | Reached skill level 8 in Spellcasting
 12845 | D:7      | Reached skill level 1 in Long Blades
 14317 | D:8      | Found an ornate altar of the Wu Jian Council.
 14398 | D:8      | Noticed Harold
 14451 | D:8      | Killed Harold
 14452 | D:8      | Reached XP level 10. HP: 51/51 MP: 5/23
 14785 | D:8      | Noticed Pikel
 14793 | D:8      | Killed Pikel
 14905 | D:8      | Reached ** piety under Dithmenos
 14938 | D:8      | Noticed Maggie
 14947 | D:8      | Killed Maggie
 15021 | D:8      | Found a sacrificial altar of Ru.
 15262 | D:8      | Noticed Gastronok
 15285 | D:8      | Killed Gastronok
 15286 | D:8      | Reached skill level 9 in Spellcasting
 15286 | D:8      | Reached skill level 5 in Transmutations
 15286 | D:8      | Reached skill level 5 in Evocations
 15595 | D:8      | Found a blossoming altar of Fedhas.
 15601 | D:8      | Found an iron altar of Okawaru.
 16345 | D:9      | Reached XP level 11. HP: 54/54 MP: 13/25
 16626 | D:9      | Found a bloodstained altar of Trog.
 16825 | D:9      | Reached *** piety under Dithmenos
 17176 | D:9      | Reached skill level 5 in Fighting
 17479 | D:9      | Upgraded the game from 0.27-a0-531-gb72ec1a1b6 to
                  | 0.27-a0-535-g7eaf864cf9
 18144 | D:10     | Entered Level 10 of the Dungeon
 18163 | D:10     | Noticed a two-headed ogre
 18312 | D:10     | Reached skill level 1 in Armour
 18690 | D:10     | Killed a two-headed ogre
 19565 | D:10     | Reached skill level 10 in Spellcasting
 19907 | D:10     | Found Pushuob's Magic Scroll Shoppe.
 20487 | D:10     | Reached **** piety under Dithmenos
 21073 | D:11     | Noticed a brown ugly thing
 21104 | D:11     | Killed a brown ugly thing
 21204 | D:11     | Found a transporter.
 21229 | D:11     | Noticed lupus83's ghost (journeyman GnIE)
 21260 | D:11     | Found a transporter.
 21280 | D:11     | Found a staircase to the Lair.
 21404 | D:11     | Noticed a death yak
 21442 | D:11     | Killed a death yak
 21936 | D:11     | Noticed an unseen horror
 21941 | D:11     | Killed an unseen horror
 22505 | D:11     | Reached skill level 5 in Invocations
 22762 | D:12     | Noticed a deep elf pyromancer
 22765 | D:12     | Killed a deep elf pyromancer
 22771 | D:12     | Reached XP level 12. HP: 60/60 MP: 3/27
 22835 | D:12     | Noticed a two-headed ogre
 23075 | D:11     | Learned a level 3 spell: Frozen Ramparts
 23191 | Lair:1   | Entered Level 1 of the Lair of Beasts
 23284 | Lair:1   | Identified the +8 mace "Ryw Tuc" {freeze, rElec}
 23479 | Lair:1   | Reached skill level 10 in Stealth
 23480 | Lair:1   | Reached skill level 1 in Ice Magic
 23682 | Lair:1   | Reached ***** piety under Dithmenos
 24132 | Lair:2   | Learned a level 4 spell: Airstrike
 24412 | Lair:2   | Found a staircase to the Snake Pit.
 24509 | Lair:2   | Noticed a six-headed hydra
 25020 | Lair:2   | Noticed a queen ant
 25030 | Lair:2   | Killed a queen ant
 25031 | Lair:2   | Reached skill level 11 in Spellcasting
 25400 | Lair:2   | Killed a six-headed hydra
 25401 | Lair:2   | Reached skill level 5 in Shields
 25695 | Lair:3   | Found a staircase to the Swamp.
 25844 | Lair:3   | Noticed a death yak
 25844 | Lair:3   | Noticed a death yak
 25845 | Lair:3   | Noticed a death yak
 25846 | Lair:3   | Noticed a death yak
 25846 | Lair:3   | Noticed a death yak
 25847 | Lair:3   | Killed a death yak
 25866 | Lair:3   | Killed a death yak
 25892 | Lair:3   | Killed a death yak
 25893 | Lair:3   | Killed a death yak
 26072 | Lair:3   | Killed a death yak
 26073 | Lair:3   | Reached XP level 13. HP: 61/65 MP: 12/29
 26498 | Lair:3   | Reached skill level 1 in Fire Magic
 26498 | Lair:3   | Reached skill level 5 in Air Magic
 26700 | Lair:3   | Reached skill level 10 in Dodging
 27306 | Lair:4   | Reached ****** piety under Dithmenos
 27650 | Lair:4   | Reached skill level 12 in Spellcasting
 28744 | Lair:5   | Found a blossoming altar of Fedhas.
 29982 | Lair:6   | Entered Level 6 of the Lair of Beasts
 30198 | Lair:6   | Noticed a fire dragon
 30281 | Lair:6   | Reached XP level 14. HP: 49/70 MP: 10/31
 30296 | Lair:6   | Noticed Kirke
 30299 | Lair:6   | Reached skill level 13 in Spellcasting
 30343 | Lair:6   | Found a staircase to the Slime Pits.
 31921 | Lair:6   | Killed from afar by a fire dragon

Illustrated notes

Levels and vault maps discovered:
D:1:      nagdon_arrival_zigzag_paths, layout_basic, lemuel_old_faithful
D:2:      layout_rooms, marbit_many_paths, lemuel_blue_sif_altar,
          minmay_split_cup_small
D:3:      layout_rooms, grunt_decor_resistance, minmay_snake_closets
D:4:      layout_cave_pools, minmay_temple_entry_mist, minmay_small_thing,
          uniq_edmund
D:5:      layout_loops_ring, grunt_dithmenos_shadows, grunt_gozag_breadcrumbs
D:6:      layout_rooms, kennysheep_mini, serial_shops, shop_statue,
          elyvilon_altar_5, uniq_duvessa, uniq_eustachio, uniq_grinder
D:7:      layout_loops_cross, chequers_mini_garden, eino_jars
D:8:      layout_loops_ring, nicolae_ru_great_annihilating_truth,
          pdpol_wu_jian_five_deadly_venoms, minitemple,
          minmay_misc_feat_pillars, hangedman_abyss_or_decor_passed, uniq_pikel,
          uniq_maggie, uniq_harold, uniq_gastronok
D:9:      layout_basic, lightli_temple_of_fire
D:10:     layout_loops_ring, david_orc_4, serial_shops,
          nicolae_shop_window_shopping
D:11:     layout_cave_pods, david_lair_generic, gammafunk_ghost_stat_death
D:12:     layout_cave_pools, pond, uniq_snorg
Temple:   dshaligram_water_room_temple
Lair:1:   layout_loops_ring, beast_lair_carwin_4
Lair:2:   layout_gridlike, guppyfry_snake_entry_island, st_stairs_11,
          minivault_24, chequers_serial_rivers_large_b, zaba_anthell
Lair:3:   layout_cave_pods, skrybe_swamp_entry_bodies, lemuel_fruit_fields,
          grunt_megastairs_3
Lair:4:   layout_loops_ring, grunt_megastairs_5
Lair:5:   layout_loops_ring, basic_altar, beast_lair_carwin_1
Lair:6:   guppyfry_lair_end_dragon, layout_loops_ring, wormcave, slime_dummy,
          minmay_lair_drake_nest, lemuel_fruit_fields, uniq_kirke

Skill      XL: |  1  2  3  4  5  6  7  8  9 10 11 12 13 14 |
---------------+-------------------------------------------+-----
Spellcasting   | 3 4 5 6 8 9 10 11 12 13 | 13.2
Dodging        | 3 4 5 6 7 8 9 10 | 10.0
Fighting       | 1 2 3 4 5 6 |  6.8
Transmutations | 2 3 4 5 6 |  6.1
Poison Magic   | 4 5 6 7 8 |  8.1
Air Magic      | 1 2 3 4 5 6 |  6.3
Short Blades   | 1 2 3 4 |  4.3
Invocations    | 1 2 3 5 6 7 |  7.0
Stealth        | 5 7 8 9 11 12 | 12.9
Evocations     | 2 3 5 6 7 8 9 |  9.2
Shields        | 1 3 4 5 |  5.9
Long Blades    | 1 |  1.9
Armour         | 1 2 |  2.3
Ice Magic      | 1 |  1.6
Fire Magic     | 1 |  1.4
Throwing       | |  0.1

Action                   |  1- 3 |  4- 6 |  7- 9 | 10-12 | 13-15 || total
-------------------------+-------+-------+-------+-------+-------++-------
Melee: Dagger            |    68 |    41 |   308 |   813 |   201 ||  1431
       Falchion          |       |       |   146 |   134 |       ||   280
Throw: Dart              |       |       |     4 |     7 |     1 ||    12
 Cast: Sting             |    37 |    76 |   210 |   192 |    28 ||   543
       Poisonous Vapours |       |    66 |    92 |    73 |     9 ||   240
       Olgreb's Toxic Ra |       |       |    10 |    50 |    28 ||    88
       Ignite Poison     |       |       |     4 |    37 |    33 ||    74
       Airstrike         |       |       |       |       |    65 ||    65
Invok: Shadow Step       |       |       |       |       |     1 ||     1
Evoke: Wand              |       |       |    14 |    27 |     4 ||    45
  Use: Potion            |       |       |     6 |     2 |     1 ||     9
       Scroll            |       |       |       |    18 |       ||    18
 Stab: Sleeping          |     4 |       |     9 |    28 |    21 ||    62
       Distracted        |     1 |       |     1 |     3 |       ||     5
       Paralysed         |       |       |     5 |     2 |     1 ||     8
Armor: Robe              |    10 |     4 |    22 |     1 |       ||    37
       Swamp dragon scal |       |       |       |   171 |    49 ||   220
Dodge: Dodged            |    48 |    63 |   504 |   696 |   205 ||  1516
Block: Buckler           |       |       |   152 |   478 |   125 ||   755
       Rpst.: Falchion   |       |       |    35 |    32 |       ||    67

Table legend: (Time is in decaauts)
 A = Elapsed time spent in this place.
 B = Non-inter-level travel time spent in this place.
 C = Inter-level travel time spent in this place.
 D = Time resting spent in this place.
 E = Time spent auto-exploring this place.
 F = Levels seen in this place.
 G = Mean time per level.
                   A        B        C        D        E       F      G
               +--------+--------+--------+--------+--------+-----+--------+
         Total |  26819 |  26340 |    479 |   4723 |  16305 |  19 | 1411.5 |
       Dungeon |  19515 |  19183 |    332 |   3112 |  12028 |  12 | 1626.2 |
        Temple |    179 |    178 |      1 |      0 |    162 |   1 |  179.0 |
          Lair |   7124 |   6979 |    145 |   1611 |   4115 |   6 | 1187.3 |
               +--------+--------+--------+--------+--------+-----+--------+

Top non-repeatable levels by time:
  Lair:5: 2938 daAuts
     D:7: 2358 daAuts
     D:6: 2284 daAuts
    D:11: 2058 daAuts
     D:9: 2004 daAuts
     D:5: 1913 daAuts
     D:4: 1861 daAuts
     D:8: 1706 daAuts
    D:10: 1639 daAuts
     D:2: 1512 daAuts
  Lair:2: 1374 daAuts
     D:3: 1301 daAuts
  Lair:3: 1016 daAuts
     D:1: 777 daAuts
  Lair:4: 758 daAuts
